 Dungeon Crawl Stone Soup version 0.20.0-15-g7f486f2 (webtiles) character file.

13435 vishdafish the Blocker (level 12, -1/73 HPs)
             Began as a Gargoyle Fighter on June 22, 2017.
             Was a High Priest of Okawaru.
             Killed by divine providence
             ... invoked by an orc priest
              (12 damage)
             ... on level 11 of the Dungeon.
             The game lasted 00:28:57 (11575 turns).

vishdafish the Blocker (Gargoyle Fighter)          Turns: 11575, Time: 00:29:00

Health: -1/73      AC: 20    Str: 23    XL:     12   Next: 6%
Magic:  13/13      EV:  7    Int: 12    God:    Okawaru [*****.]
Gold:   734        SH:  0    Dex: 16    Spells: 11/11 levels left

rFire    + . .     SeeInvis .   j - +2 whip (elec)
rCold    + . .     Gourm    .   c - +0 shield
rNeg     + . .     Faith    .   u - +3 ring mail {rF+}
rPois    ∞         Spirit   .   (no helmet)
rElec    +         Reflect  .   (no cloak)
rCorr    .         Harm     .   (no gloves)
MR       .....                  q - +0 pair of boots {Fly}
Stlth    ..........             (no amulet)
Regen    0.3/turn               e - ring of the Peculiar Runes {rC+ Int+3 Dex+5}
MPRegen  0.2/turn               D - ring of loudness

@: held
A: negative energy resistance 1, electricity resistance, unbreathing,
petrification resistance, rot immunity, AC +8
a: Heroism, Finesse, Renounce Religion, Evoke Flight


You were on level 11 of the Dungeon.
You worshipped Okawaru.
Okawaru was extremely pleased with you.
You were not hungry.

You visited 2 branches of the dungeon, and saw 12 of its levels.

You collected 734 gold pieces.

Inventory:

Hand Weapons
 j - a +2 whip of electrocution (weapon)
 y - a +0 whip of holy wrath
Armour
 c - a +0 shield (worn)
 q - a +0 pair of boots of flying (worn)
 u - a +3 ring mail of fire resistance (worn)
 C - a +3 scale mail
Jewellery
 e - the ring of the Peculiar Runes (left hand) {rC+ Int+3 Dex+5}
   (You found it on level 10 of the Dungeon)

   [ring of intelligence]

   It affects your intelligence (+3).
   It affects your dexterity (+5).
   It protects you from cold.
 s - a +3 ring of protection
 t - an uncursed ring of magical power
 x - an uncursed ring of flight
 D - a ring of loudness (right hand)
Wands
 a - a wand of acid (0/15)
 b - a wand of paralysis (8/24)
 d - a wand of iceblast (8/15)
Scrolls
 h - a scroll of immolation
 k - a scroll of magic mapping
 l - a scroll of remove curse
 p - 2 scrolls of recharging
Potions
 i - 2 potions of curing
 n - a potion of degeneration
 o - 2 potions of resistance
 v - a potion of brilliance
 z - a potion of heal wounds
 A - 2 potions of flight
 B - a potion of mutation {unknown}
Miscellaneous
 E - a phial of floods
Comestibles
 f - 2 bread rations
 g - 9 royal jellies
 m - 7 fruits
 r - 4 meat rations


   Skills:
 + Level 7.9 Fighting
 + Level 10.7 Maces & Flails
 + Level 8.6 Armour
 + Level 6.3 Dodging
 - Level 2.1 Stealth
 + Level 10.9 Shields
 * Level 1.9 Invocations
 - Level 0.5 Evocations


You had 11 spell levels left.
You didn't know any spells.

Dungeon Overview and Level Annotations

Branches:
Dungeon (11/15)            Temple (1/1) D:6            Lair (0/6) D:9
    Orc (0/2) D:9

Altars:
Ashenzari
Cheibriados
Dithmenos
Elyvilon
Fedhas
Gozag
Hepliaklqana
Makhleb
Okawaru
Qazlal
Ru
Sif Muna
Trog
Uskayaw
Xom
Yredelemnul
Zin

Shops:
D:8 *   D:10 :

Annotations:
D:9 exclusion: oklob plant


Innate Abilities, Weirdness & Mutations

You are resistant to torment.
Your stone body is resilient. (AC +8)
You are immune to poison.
You resist negative energy. (rN+)
You are resistant to electric shocks. (rElec)
You can survive without breathing.
You are immune to petrification.
You are immune to rotting.


Message History

You smell dragon dung.
It was a scroll of random uselessness.
The orc hits you but does no damage.
The orc priest casts a cantrip, but nothing happens.
The orc priest looks braver for a moment.
The two-headed ogre hits you with a giant club.
* * * LOW HITPOINT WARNING * * *
The two-headed ogre hits you with a giant club!
* * * LOW HITPOINT WARNING * * *
You struggle against the net.
The orc hits you but does no damage.
The two-headed ogre hits you but does no damage. x2
It was a potion of heal wounds.
You feel much better. The orc hits you but does no damage.
You struggle against the net.
The orc hits you with a short sword.
* * * LOW HITPOINT WARNING * * *
The two-headed ogre hits you but does no damage.
The two-headed ogre hits you with a giant club!
* * * LOW HITPOINT WARNING * * *
The orc priest invokes the aid of Beogh against you.
Beogh smites you!
You die...

#...........##.##......#
#########......#########
###.#### #.# ******* #.#
*,,,,,* #.# *,***,*
********* #.# *,* *,*
,,,,,,,,*#######.#
******,***,*
*******,*#.....o@#
*,,,,,,,,*,* *
*,*#.#####O##
*,****,,,,,* *
*,**,**##ooo##*,*
***,*** *
*,,,,,,#..†..#*,*
**,**** *
*,**,#..........#
*,,,,,* *
*,**,#####.######
*,,,,,*
*******,**,****#.#
*,,,,,*
,,,,,,,,**,,,,,..#
*,,,,,*
,**,***,*******#'#*
*,,,,,*


You could see a two-headed ogre, 2 orc priests and 2 orcs.

Vanquished Creatures
  A hydra (D:11)
  2 two-headed ogres (D:10)
  The ghost of dvd the Covert, a journeyman SpEn of Gozag (D:11)
  A skeletal warrior (D:10)
  Pikel (D:8)
  A necromancer (D:10)
  A shadow (D:10)
  4 flying skulls (D:10)
  5 wraiths (D:10)
  A wyvern (D:10)
  A human (D:7)
  8 yaks
  4 hogs (D:7)
  A steam dragon (D:9)
  A water moccasin (D:10)
  3 orc warriors
  2 slaves (D:8)
  A sky beast (D:11)
  3 ice beasts
  An eye of draining (D:10)
  2 hornet zombies (D:10)
  8 ogres
  A necrophage (D:9)
  2 phantoms
  2 centaurs
  A crocodile (D:10)
  5 bullfrogs
  A gnoll sergeant (D:10)
  A wyvern zombie (D:10)
  2 scorpions
  5 killer bees (D:8)
  2 wights (D:10)
  A howler monkey (D:8)
  A crimson imp (D:10)
  5 bullfrog zombies
  3 centaur zombies (D:10)
  A quasit (D:9)
  7 bullfrog skeletons
  4 hounds
  8 orc priests
  A jelly (D:11)
  3 centaur skeletons
  4 iguanas
  24 orc wizards
  8 worker ants
  A killer bee zombie (D:10)
  4 hound zombies
  2 hound skeletons
  2 howler monkey zombies
  2 worker ant zombies
  2 howler monkey skeletons
  11 gnolls
  11 adders
  A shadow imp (D:9)
  2 oozes (D:2)
  An adder zombie (D:7)
  2 adder skeletons
  2 worms
  A dart slug (D:2)
  3 leopard geckos
  73 orcs
  9 bats
  3 giant cockroaches
  A goblin (D:1)
  7 hobgoblins
  10 jackals
  10 kobolds
  11 quokkas
  A ball python (D:5)
  A frilled lizard (D:1)
  A leopard gecko zombie (D:5)
  2 quokka skeletons
  A quokka zombie (D:10)
  6 rats
328 creatures vanquished.

Vanquished Creatures (others)
  3 yaks (D:10)
  An orc warrior (D:10)
  A wyvern skeleton (D:10)
  A centaur zombie (D:10)
  A centaur skeleton (D:8)
  2 orcs (D:10)
  9 toadstools (D:9)
18 creatures vanquished.

Grand Total: 346 creatures vanquished

Notes
Turn   | Place    | Note
-------+----------+-------------------------------------------
     0 | D:1      | vishdafish the Gargoyle Fighter began the quest for the Orb.
     0 | D:1      | Reached XP level 1. HP: 14/14 MP: 1/1
    90 | D:1      | Reached XP level 2. HP: 14/19 MP: 2/2
   646 | D:1      | Reached XP level 3. HP: 23/23 MP: 3/3
  1028 | D:2      | Reached XP level 4. HP: 27/28 MP: 4/4
  1356 | D:2      | Found a shimmering altar of Xom.
  1701 | D:3      | Reached skill level 1 in Dodging
  1730 | D:3      | Reached XP level 5. HP: 25/33 MP: 5/5
  1877 | D:3      | Noticed an ogre
  1891 | D:3      | Killed an ogre
  1891 | D:3      | Reached XP level 6. HP: 38/38 MP: 6/6
  2344 | D:4      | Reached skill level 5 in Shields
  2461 | D:4      | Noticed a phantom
  2475 | D:4      | Killed a phantom
  2475 | D:4      | Reached XP level 7. HP: 27/43 MP: 7/7
  2678 | D:4      | Reached skill level 1 in Stealth
  2882 | D:4      | Reached skill level 5 in Armour
  3445 | D:4      | Reached skill level 5 in Maces & Flails
  3453 | D:5      | Entered Level 5 of the Dungeon
  3475 | D:5      | Reached XP level 8. HP: 46/48 MP: 8/8
  4616 | D:6      | Found a blossoming altar of Fedhas.
  4650 | D:6      | Reached skill level 5 in Fighting
  4650 | D:6      | Reached XP level 9. HP: 54/54 MP: 9/9
  4797 | D:6      | Found a staircase to the Ecumenical Temple.
  4840 | Temple   | Entered the Ecumenical Temple
  4904 | Temple   | Became a worshipper of Warmaster Okawaru
  5393 | D:7      | Reached * piety under Okawaru
  5776 | D:7      | Found a sacrificial altar of Ru.
  5983 | D:7      | Found a deep blue altar of Sif Muna.
  6258 | D:8      | Noticed Pikel
  6278 | D:8      | Killed Pikel
  6278 | D:8      | Reached ** piety under Okawaru
  6324 | D:8      | Reached XP level 10. HP: 57/60 MP: 10/10
  6327 | D:8      | Found a burning altar of Makhleb.
  6366 | D:8      | Found a stormy altar of Qazlal.
  6887 | D:8      | Found a white marble altar of Elyvilon.
  6892 | D:8      | Found Isusolom's General Store.
  7136 | D:8      | Found a shadowy altar of Dithmenos.
  7137 | D:8      | Found a shattered altar of Ashenzari.
  7138 | D:8      | Found a hazy altar of Hepliaklqana.
  7140 | D:8      | Found a hide-covered altar of Uskayaw.
  7140 | D:8      | Found a sacrificial altar of Ru.
  7144 | D:8      | Found a glowing silver altar of Zin.
  7560 | D:9      | Reached *** piety under Okawaru
  7807 | D:9      | Found a staircase to the Orcish Mines.
  7909 | D:9      | Found a blossoming altar of Fedhas.
  7940 | D:9      | Noticed an oklob plant
  7995 | D:9      | Found a staircase to the Lair.
  8328 | D:10     | Entered Level 10 of the Dungeon
  8353 | D:10     | Noticed a two-headed ogre
  8361 | D:10     | Killed a two-headed ogre
  8396 | D:10     | Reached **** piety under Okawaru
  8419 | D:10     | Reached skill level 5 in Dodging
  9152 | D:10     | Found Legazxep's Book Shoppe.
  9228 | D:10     | Reached XP level 11. HP: 49/66 MP: 11/11
  9440 | D:10     | Noticed a necromancer
  9510 | D:10     | Killed a necromancer
  9510 | D:10     | Reached ***** piety under Okawaru
  9535 | D:10     | Noticed a skeletal warrior
  9553 | D:10     | Killed a skeletal warrior
  9553 | D:10     | Reached skill level 10 in Maces & Flails
  9553 | D:10     | Reached skill level 10 in Shields
  9782 | D:10     | Got a twitching copper ring
  9784 | D:10     | Identified the ring of the Peculiar Runes {rC+ Int+3 Dex+5} (You found it on level 10 of the Dungeon)
 10402 | D:10     | Noticed a two-headed ogre
 10408 | D:10     | Killed a two-headed ogre
 10665 | D:11     | Noticed a five-headed hydra
 10676 | D:11     | Killed a five-headed hydra
 10676 | D:11     | Received a gift from Okawaru
 10838 | D:11     | Noticed dvd's ghost (journeyman SpEn)
 11309 | D:11     | Killed dvd's ghost
 11309 | D:11     | Reached skill level 1 in Invocations
 11533 | D:11     | Reached XP level 12. HP: 69/73 MP: 11/13
 11554 | D:11     | Noticed a two-headed ogre
 11572 | D:11     | HP: 1/73 [two-headed ogre/giant club (8)]
 11575 | D:11     | Killed from afar by an orc priest

Skill      XL: |  1  2  3  4  5  6  7  8  9 10 11 |
---------------+----------------------------------+-----
Maces & Flails | 3 4 5 6 7 9 10 | 10.7
Dodging        | 1 2 3 4 5 6 |  6.3
Armour         | 4 5 6 7 8 |  8.6
Shields        | 4 5 6 7 9 10 | 10.9
Fighting       | 4 5 6 7 |  7.9
Stealth        | 1 2 |  2.1
Invocations    | 1 |  1.9
Evocations     | |  0.5

Action                   |  1- 3 |  4- 6 |  7- 9 | 10-12 || total
-------------------------+-------+-------+-------+-------++-------
Melee: Flail             |    51 |       |       |       ||    51
       Whip              |    60 |   168 |   392 |   961 ||  1581
Invok: Heroism           |       |       |       |     5 ||     5
 Abil: Stop Flying       |       |       |       |     1 ||     1
Evoke: Wand              |       |       |       |     5 ||     5
  Use: Potion            |       |     4 |       |     6 ||    10
       Scroll            |       |       |     6 |     9 ||    15
  Eat: Chunk             |       |     1 |     1 |       ||     2
       Bread ration      |       |     1 |     2 |     4 ||     7
       Meat ration       |       |       |     1 |       ||     1
Armor: Scale mail        |    72 |    86 |    78 |       ||   236
       Ring mail         |       |       |    50 |   288 ||   338
Dodge: Dodged            |    32 |    44 |    94 |   237 ||   407
Block: Shield            |    53 |    79 |   161 |   353 ||   646
